 Dungeon Crawl Stone Soup version 0.28.0-53-g5a82cb258f (webtiles) character file.

Game seed: 12931173472506411987

102 Sin92 the Skirmisher (level 4, -7/35 HPs)
             Began as a Demonspawn Fighter on July 26, 2022.
             Mangled by an ogre
             ... wielding a +0 giant spiked club
              (16 damage)
             ... on level 4 of the Dungeon.
             The game lasted 00:01:28 (2282 turns).

Sin92 the Skirmisher (Demonspawn Fighter)           Turns: 2282, Time: 00:01:28

Health: -7/35      AC:  8    Str: 19    XL:     4   Next: 50%
Magic:  4/4        EV:  9    Int:  9    God:
Gold:   70         SH:  5    Dex: 12    Spells: 3/3 levels left

rFire   . . .      SeeInvis .   a - +1 war axe
rCold   . . .      Faith    .   c - +1 buckler
rNeg    . . .      Spirit   .   b - +0 scale mail
rPois   .          Reflect  .   (no helmet)
rElec   .          Harm     .   (no cloak)
rCorr   .          Rampage  .   (no gloves)
Will    .....                   (no boots)
Stlth   ..........              (no amulet)
HPRegen 0.11/turn               (no ring)
MPRegen 0.09/turn               (no ring)

@: no status effects
A: hooves 1, yellow scales 1, spiny 1
a: no special abilities


You were on level 4 of the Dungeon.
You visited 1 branch of the dungeon, and saw 4 of its levels.

You collected 70 gold pieces.

Inventory:

Hand Weapons
 a - a +1 war axe (weapon)
Armour
 b - a +0 scale mail (worn)
 c - a +1 buckler (worn)
Jewellery
 h - a ring of ice
Scrolls
 e - 4 scrolls of identify
Potions
 d - a potion of might
 j - a potion of degeneration
 l - a potion of cancellation {unknown}
 m - a potion of curing


   Skills:
 + Level 3.5 Fighting
 * Level 3.1 Axes
 + Level 3.2 Armour
 + Level 3.2 Shields


You had 3 spell levels left.
You didn't know any spells.
Your spell library contained the following spells:

 Spells                   Type           Power      Damage    Failure   Level
 Malign Gateway           Summ/Tloc      0%         N/A       100%        7
 Summon Horrible Things   Summ           0%         N/A       100%        8


Dungeon Overview and Level Annotations

Branches:
Dungeon (4/15)
 Temple: D:4-7

Altars:
Zin


Innate Abilities, Weirdness & Mutations

You have large cloven feet.
You are partially covered in yellow scales. (AC +2)
You are partially covered in sharp spines.


Message History

An ogre comes into view. It is wielding a +0 giant spiked club.
The ogre shouts!
A goblin comes into view. It is wielding a +0 dagger.
The goblin shouts!
There are monsters nearby!
A water moccasin skeleton comes into view.
There are monsters nearby!
You closely miss the goblin. You kick the goblin.
The goblin is severely wounded.
The goblin is struck by your spines.
You kill the goblin!
An ogre is nearby!
You slash the ogre! You kick the ogre.
The ogre is moderately wounded.
You block the ogre's attack.
An ogre is nearby!
You barely miss the ogre. You kick the ogre, but do no damage.
The ogre is moderately wounded.
The ogre is struck by your spines. The ogre barely misses you.
There are monsters nearby!
You hit the ogre.
The ogre is severely wounded.
The ogre hits you with a +0 giant spiked club!!
Ouch! That really hurt!
The water moccasin skeleton bites you.
* * * LOW HITPOINT WARNING * * *
You are too injured to fight recklessly!
Unknown command.
You are too injured to fight recklessly!
Unknown command.
You are too injured to fight recklessly!
Unknown command.
You are too injured to fight recklessly!
You hit the ogre. You kick the ogre.
The ogre is almost dead.
You slash the water moccasin skeleton!
The water moccasin skeleton is struck by your spines.
The water moccasin skeleton barely misses you.
The ogre hits you with a +0 giant spiked club!
You die...

##########
#.<.......
#.########
#.# #.#
#.# #@#
#.OZ#
...#...
...#.
.##..
......# ##
## ......
... ..
.....#


You could see an ogre and a water moccasin skeleton.

Vanquished Creatures
  3 gnolls (D:3)
  3 adders
  A dart slug (D:3)
  5 orcs (D:3)
  3 bats
  3 endoplasms (D:1)
  A giant cockroach (D:1)
  6 goblins
  4 hobgoblins (D:1)
  2 quokkas
  A frilled lizard (D:3)
  A kobold (D:1)
  5 rats
38 creatures vanquished.

Notes
Turn   | Place    | Note
-------+----------+-------------------------------------------
     0 | D:1      | Sin92 the Demonspawn Fighter began the quest for the Orb.
     0 | D:1      | Reached XP level 1. HP: 18/18 MP: 1/1
   308 | D:1      | Gained mutation: You are partially covered in yellow
                  | scales. (AC +2) [demonic ancestry]
   308 | D:1      | Reached XP level 2. HP: 23/24 MP: 2/2
   905 | D:2      | Gained mutation: You have large cloven feet. [demonic
                  | ancestry]
   905 | D:2      | Reached XP level 3. HP: 20/29 MP: 3/3
  1697 | D:3      | Gained mutation: You are partially covered in sharp spines.
                  | [demonic ancestry]
  1697 | D:3      | Reached XP level 4. HP: 17/35 MP: 4/4
  2275 | D:4      | Noticed an ogre
  2282 | D:4      | Mangled by an ogre

Illustrated notes

Levels and vault maps discovered:
D:1:      minmay_arrival_semitransparent, layout_basic
D:2:      layout_basic
D:3:      layout_basic, zin_academy
D:4:      layout_loops_ring, eino_curves_01

Skill      XL: |  1  2  3  4 |
---------------+-------------+-----
Axes           | 2 3 |  3.1
Armour         | 3 |  3.2
Shields        | 3 |  3.2
Fighting       | |  3.5

Action                   |  1- 3 |  4- 6 || total
-------------------------+-------+-------++-------
Melee: War axe           |    80 |    19 ||    99
       Kick              |     2 |    10 ||    12
  Use: Potion            |     2 |       ||     2
       Scroll            |       |     5 ||     5
Armor: Scale mail        |    38 |     4 ||    42
Dodge: Dodged            |    31 |    10 ||    41
Block: Buckler           |    15 |     8 ||    23
